Cogmind - Beta 16.1 @@@ ROGUE MODE // 2026.02.24 @ 12:53:16 Player: TheSkyeDoctor Result: Destroyed by Y-45 Defender with Heavy Assault Rifle Performance ------------- Evolutions (1) 500 Regions Visited (3) 600 Robots Destroyed (23) 115 Value Destroyed (559) 559 Prototype IDs (0) 0 Alien Tech Used (0) 0 Bonus (0) 0 TOTAL SCORE: 1774 Bonus ------- None Cogmind --------- Core Integrity 0/400 Matter 409/450 Energy 100/100 System Corruption 0% Temperature Cool (9) Movement Treading (240) Ox1 Location -9/Mines Parts ------- > --- POWER (1) -------- (None) > --- PROPULSION (2) --- Light Treads > --- UTILITY (4) ------ Large Storage Unit Compact Matter Pod Medium Armor Plating Hardened Light Armor Plating > --- WEAPON (2) ------- Beam Rifle Rocket Launcher > --- INVENTORY (15) --- Wheel Armored Wheel High-capacity Matter Pod (200) Signal Interpreter Trap Extractor (0/4) Heavy Battle Rifle Mace Peak State ------------ > --- POWER ------------ (None) > --- PROPULSION ------- Light Treads Light Treads > --- UTILITY ---------- Large Storage Unit Compact Matter Pod Medium Armor Plating Hardened Light Armor Plating > --- WEAPON ----------- Beam Rifle Rocket Launcher > --- INVENTORY -------- Wheel Armored Wheel High-capacity Matter Pod Signal Interpreter Trap Extractor Heavy Battle Rifle Mace [Rating: 15] Favorites ----------- Power Ion Engine Engine Ion Engine Propulsion Light Treads Treads Light Treads Utility Large Storage Unit Device Cooling System Storage Large Storage Unit Protection Core Shielding Weapon Light Cannon Energy Gun Beam Rifle Ballistic Gun Assault Rifle Ballistic Cannon Light Cannon Launcher Grenade Launcher Impact Weapon Hammer Build | -11 -10 -9 -9 ------- Run | Yrd Mat Mat Min Slots Evolved 2 | . . 2 . Power . | . . . . Propulsion . | . . . . Utility 2 | . . 2 . Weapon . | . . . . Parts Attached 29 | 7 4 7 11 Power 4 | 1 1 1 1 Engine 4 | 1 1 1 1 Core . | . . . . Reactor . | . . . . Propulsion 6 | 2 . 1 3 Treads 6 | 2 . 1 3 Leg . | . . . . Wheel . | . . . . Hover . | . . . . Flight . | . . . . Utility 10 | 2 1 3 4 Device 2 | 1 . 1 . Storage 4 | 1 1 1 1 Processor . | . . . . Hackware . | . . . . Protection 4 | . . 1 3 Artifact . | . . . . Weapon 9 | 2 2 2 3 Energy Gun 1 | . . . 1 Energy Cannon . | . . . . Ballistic Gun 3 | 2 . . 1 Ballistic Cannon 2 | . 1 1 . Launcher 2 | . . 1 1 Special Weapon . | . . . . Impact Weapon 1 | . 1 . . Slashing Weapon . | . . . . Piercing Weapon . | . . . . Special Melee Weapon . | . . . . Unidentified Prototypes . | . . . . Parts Lost 16 | . . 6 10 Power 3 | . . 2 1 Propulsion 3 | . . . 3 Utility 5 | . . 2 3 Weapon 5 | . . 2 3 Highest Loss Streak 9 | . . 3 9 To Critical Strikes . | . . . . Average Backups 7 | 2 7 8 7 Power . | . 1 1 . Propulsion 3 | 1 2 3 3 Utility 1 | . 1 . 2 Weapon 2 | . 2 2 2 Tool/Special . | . . . . Unused Backups 9 | . 2 . 7 Power . | . . . . Propulsion 3 | . 1 . 2 Utility 4 | . 1 . 3 Weapon 2 | . . . 2 Tool/Special . | . . . . Average Slot Usage (%) 92 | . 100 88 91 Engine 8 | . 14 9 5 Treads 23 | . 28 22 21 Device 8 | . 14 8 5 Storage 16 | . 14 20 15 Protection 11 | . . 6 20 Energy Gun 2 | . . . 5 Ballistic Gun 2 | . 10 1 . Ballistic Cannon 6 | . 11 14 . Launcher 5 | . . 1 10 Impact Weapon 5 | . 6 5 5 Peak Build Rating 15 | 7 8 11 15 Average Rating 10 | 5 7 9 12 On Entrance 5 | . 7 7 9 Avg Prop Armor Cover (%) . | . . . . Naked Turns . | . . . . Heaviest Build 40 | 12 31 37 40 Greatest Support 43 | 40 40 40 43 Greatest Overweight (x) 8 | . . . 8 Average Overweight (x) . | . . . . Largest Inventory Capacity 15 | 8 15 15 15 Average Capacity 13 | 7 9 15 15 Most Carried 11 | 5 8 11 10 Average Carried 7 | 3 7 8 7 Final Capacity 15 | 8 15 15 15 Final Carried 8 | 4 8 8 7 Class Distribution -------------------- 100% | Mutant Dominant Class ---------------- Mutant | -10/Materials Mutant | -9/Materials Mutant | -9/Mines Resources | -11 -10 -9 -9 ----------- Run | Yrd Mat Mat Min Matter Collected 1008 | 227 208 442 131 Remotely . | . . . . Salvage Created 511 | 77 37 397 . Parts 41 | 5 5 31 . Haulers Intercepted . | . . . . Recyclers Shooed 1 | . . 1 . Parts Field Recycled . | . . . . Retrieved Matter . | . . . . Parts Self-Destructed . | . . . . Prevented . | . . . . Parts Restored . | . . . . Kills | -11 -10 -9 -9 ------- Run | Yrd Mat Mat Min Combat Hostiles Destroyed 18 | . 3 14 1 Melee 1 | . . 1 . Guns 2 | . 2 . . Cannons 12 | . 1 11 . AOE 3 | . . 2 1 Classes Destroyed 9 | 2 1 5 1 Tunneler 2 | 1 . 1 . Recycler 1 | 1 . . . Operator 1 | . . 1 . Watcher 1 | . . 1 . Swarmer 8 | . 3 5 . Grunt 3 | . . 3 . Duelist 1 | . . 1 . Sentry 5 | . . 5 . Demolisher 1 | . . . 1 Best Kill Streak 4 | 2 3 4 1 Combat Bots Only 4 | . 3 4 1 Max Kills in Single Turn 2 | 1 2 2 1 Gunslinging . | . . . . Exploded 1 | . . 1 1 Melee 1 | . . 1 . Uniques/NPCs Destroyed . | . . . . Combat | -11 -10 -9 -9 -------- Run | Yrd Mat Mat Min Hostile Shots Fired 156 | . 6 115 35 Missed 39 | . . 33 6 Hits 117 | . 6 82 29 Projectile 117 | . 6 82 29 AOE 25 | . . . 25 Critical Strikes 1 | . . 1 . Damage Taken 2191 | . 53 952 1186 Core 420 | . 10 148 262 Absorbed by Shields . | . . . . Redirected to Shielding 44 | . . 16 28 Core Remaining (%) 98 | 100 96 . . Volleys Fired 70 | 8 7 46 9 Largest 2 | 2 2 2 2 Hottest 89 | 40 50 60 89 Shots Fired 119 | 16 14 76 13 Gun 33 | 16 7 . 10 Cannon 76 | . 7 69 . Launcher 10 | . . 7 3 Special . | . . . . Kinetic 104 | 16 14 69 5 Thermal 5 | . . . 5 Explosive 10 | . . 7 3 Electromagnetic . | . . . . Robot Hit Streak 12 | 4 4 12 3 Robot Miss Streak 10 | 2 1 10 3 Penetration Max . | . . . . Secondary Targets . | . . . . Shots Hit Robots 68 | 10 3 48 7 Core Hits 33 | 4 3 22 4 Critical Kills 2 | 1 . 1 . Critical Parts Destroyed 1 | . . 1 . Critical Strikes 7 | 1 . 5 1 Burn 1 | . . . 1 Destroy 1 | 1 . . . Blast 3 | . . 3 . Smash 2 | . . 2 . Melee Attacks 23 | . 5 18 . Impact 23 | . 5 18 . Slashing . | . . . . Piercing . | . . . . Sneak Attacks . | . . . . Combat Hostiles . | . . . . Follow-up Attacks . | . . . . Damage Inflicted 1314 | 108 61 1009 136 Guns 232 | 108 23 . 101 Cannons 780 | . 38 742 . Explosions 202 | . . 171 31 Melee 91 | . . 91 . Ramming 9 | . . 5 4 Kinetic 953 | 108 61 742 42 Thermal 59 | . . . 59 Explosive 202 | . . 171 31 Electromagnetic . | . . . . Impact 91 | . . 91 . Slashing . | . . . . Piercing . | . . . . Highest Corruption . | . . . . Average Corruption . | . . . . Corruption Purged . | . . . . Corruption Blocked . | . . . . Overload Shots . | . . . . Overflow Damage 15 | . . 15 . Projectiles . | . . . . Explosions . | . . . . Melee 15 | . . 15 . Knockbacks 5 | . . 5 . Impact . | . . . . Kinetic 5 | . . 5 . Secondary . | . . . . Self-Inflicted Damage 5 | . . 5 . Shots . | . . . . Rammed 1 | . . . 1 Targets Rammed 1 | . . . 1 Kicked . | . . . . Crushed . | . . . . Highest Temperature 24 | . . 24 3 Average Temperature 8 | . . 10 2 Received Heat Transfer 234 | . . 216 18 Siege Activations . | . . . . Martial Activations . | . . . . Shielding Activations . | . . . . Robots Disrupted . | . . . . Combat Hostiles . | . . . . Robots Corrupted . | . . . . Combat Hostiles . | . . . . Parts Fried . | . . . . Impact Corruptions 1 | . . 1 . Robots Melted . | . . . . Combat Hostiles . | . . . . Parts Melted . | . . . . Heat Transferred 222 | . . . 222 Parts Sabotaged . | . . . . Parts Stolen . | . . . . Parts Stripped . | . . . . Power Chain Reactions . | . . . . Alert | -11 -10 -9 -9 ------- Run | Yrd Mat Mat Min Maximum Alert Level 1 | . . 1 . Low Security (%) 97 | 100 100 90 100 Level 1 2 | . . 9 . Level 2 . | . . . . Level 3 . | . . . . Level 4 . | . . . . Level 5 . | . . . . High Security . | . . . . Max Security . | . . . . Peak Influence 224 | 10 71 224 79 Initial 79 | . . 22 79 Average 31 | . 5 89 7 Influence Increases 581 | 10 74 472 25 Destroy 0b10 Robot/C 360 | . 60 280 20 Destroy 0b10 Robot/NC 25 | 10 . 15 . Destroy Leader 92 | . 10 82 . Destroy Structure 59 | . 4 50 5 Lose Combat Pursuer 45 | . . 45 . Influence Decreases 581 | 10 19 321 231 Entered New Map 160 | . . 33 127 Time Decay 379 | 10 19 248 102 Lost Part 42 | . . 40 2 Squads Dispatched 2 | . 1 1 . Investigation . | . . . . Extermination . | . . . . Reinforcement 2 | . 1 1 . Assault . | . . . . Garrison . | . . . . Intercept . | . . . . Searches Triggered . | . . . . Construction Impeded . | . . . . Haulers Reinforced . | . . . . Active Scanning Responses . | . . . . Cargo Convoy Interrupts . | . . . . Stealth | -11 -10 -9 -9 --------- Run | Yrd Mat Mat Min Distress Signals 3 | . . 3 . Communications Jammed . | . . . . Distress Signals . | . . . . Times Spotted 35 | . 4 27 4 Peak Tracking Total 5 | . 3 5 2 Tactical Retreats 3 | . . 3 . Traps | -11 -10 -9 -9 ------- Run | Yrd Mat Mat Min Traps Triggered . | . . . . Indirectly . | . . . . Trap Hack Attempts . | . . . . Triggered . | . . . . Disarmed . | . . . . Reprogrammed . | . . . . Reused . | . . . . Traps Extracted . | . . . . Installed . | . . . . Triggered . | . . . . Machines | -11 -10 -9 -9 ---------- Run | Yrd Mat Mat Min Machines Disabled . | . . . . Max in Single Turn . | . . . . Machines Repaired . | . . . . Machines Dismantled . | . . . . Machines Sabotaged . | . . . . Overloaded Fab Kills . | . . . . Hacking | -11 -10 -9 -9 --------- Run | Yrd Mat Mat Min Machines Accessed 1 | . 1 . . Terminals . | . . . . Fabricators . | . . . . Repair Stations . | . . . . Recycling Units 1 | . 1 . . Scanalyzers . | . . . . Garrison Access . | . . . . Total Hacks 2 | . 2 . . Successful 1 | . 1 . . Failed 1 | . 1 . . Catastrophic . | . . . . Database Lockouts . | . . . . Manual . | . . . . Terminals . | . . . . Fabricators . | . . . . Repair Stations . | . . . . Recycling Units 2 | . 2 . . Scanalyzers . | . . . . Garrison Access . | . . . . Terminal Hacks . | . . . . Fabricator Hacks . | . . . . Repair Station Hacks . | . . . . Recycling Unit Hacks 1 | . 1 . . Retrieve Components 1 | . 1 . . Scanalyzer . | . . . . Garrison Access Hacks . | . . . . Unauthorized Hacks . | . . . . Terminals . | . . . . Fabricators . | . . . . Repair Stations . | . . . . Recycling Units . | . . . . Scanalyzers . | . . . . Garrison Access . | . . . . Data Cores Recovered 1 | . . 1 . Used . | . . . . Hacking Detections 1 | . 1 . . Full Trace Events . | . . . . Feedback Events . | . . . . Feedback Blocked . | . . . . Robot Schematics Acquired . | . . . . Robots Built . | . . . . Authchips . | . . . . Time . | . . . . Total Robot Build Rating . | . . . . Part Schematics Acquired . | . . . . Parts Built . | . . . . Authchips . | . . . . Time . | . . . . Total Part Build Rating . | . . . . Part Studies Acquired . | . . . . Parts Repaired . | . . . . Time . | . . . . Parts Recycled . | . . . . Recycled Matter . | . . . . Retrieved Matter . | . . . . Retrieved Components 3 | . 3 . . Parts Scanalyzed . | . . . . Part Schematics Acquired . | . . . . Parts Damaged . | . . . . Bothacking | -11 -10 -9 -9 ------------ Run | Yrd Mat Mat Min Used RIF Installer . | . . . . Robots Hacked . | . . . . Non-combat . | . . . . Combat . | . . . . Robot Hacks Applied . | . . . . Relay Couplers Released . | . . . . Fabnet Peak Effective % . | . . . . Robots Rewired . | . . . . Allies Hacked . | . . . . Hacks Repelled . | . . . . Allies | -11 -10 -9 -9 -------- Run | Yrd Mat Mat Min Total Allies 3 | . . . 3 Largest Group 3 | . . . 3 Highest-Rated Group 40 | . . . 40 Highest-Rated Ally 16 | . . . 16 Total Orders . | . . . . Ally Attacks 5 | . . . 5 Total Damage 24 | . . . 24 Kills . | . . . . Allies Corrupted . | . . . . Allies Melted . | . . . . Intel | -11 -10 -9 -9 ------- Run | Yrd Mat Mat Min Active Infowar (turns) 701 | 29 469 203 . Seismic 701 | 29 469 203 . Robot Analysis Total . | . . . . Derelict Logs Recovered 2 | . . . 2 Drone Launches . | . . . . Drone Recoveries . | . . . . Exploration | -11 -10 -9 -9 ------------- Run | Yrd Mat Mat Min Turns Passed 2358 | 117 469 707 1065 Spaces Moved 1214 | 54 259 301 600 Core 18 | 17 . . 1 Treads 1196 | 37 259 301 599 Legs . | . . . . Wheels . | . . . . Hover . | . . . . Flight . | . . . . Fastest Speed 50 | 50 160 160 160 Average Speed 158 | 125 160 160 160 Slowest Speed 450 | 160 160 160 450 Overloaded Moves . | . . . . Propulsion Burnouts . | . . . . Robots Hopped . | . . . . Potential Cave-ins . | . . . . Cave-ins Triggered . | . . . . Exploration Rate (%) 40 | 4 31 36 92 Regions Visited 3 Branch Regions 1 Pre-discovered Areas 2 | . . . 2 Known Exits Taken . | . . . . Unknown Exits Taken 3 | 1 1 1 . Scrap Searched 2 | . . . 2 Spaces Dug 16 | . 4 8 4 Terrain Destroyed 75 | . 4 56 15 Melee 12 | . 4 8 . Projectile . | . . . . AOE 63 | . . 48 15 Terrain Rammed 1 | . . 1 . Walls Destroyed . | . . . . Machines Disabled . | . . . . Actions | -11 -10 -9 -9 --------- Run | Yrd Mat Mat Min Total 1483 | 88 292 417 686 Wait 100 | 10 5 31 54 Move 1211 | 53 258 300 600 Hop . | . . . . Pick Up 35 | 10 7 8 10 Fast Attach 1 | 1 . . . Attach 23 | 6 . 7 10 Detach . | . . . . Swap 10 | . 5 4 1 Drop 8 | . 5 2 1 Fire 70 | 8 7 46 9 Melee 23 | . 5 18 . Ram 1 | . . 1 . Kick . | . . . . Crush 1 | . . . 1 Escape Stasis . | . . . . Rewire . | . . . . Trap . | . . . . Miscellaneous . | . . . . Route ------- -11/Scrapyard -10/Materials -9/Materials -9/Mines (discovered 2 exits: [*Mat x2]) History --------- Turn | Location | Event 6 | -11/Scrapyard | Discovered new exit (range 15) 118 | -11/Scrapyard | Entered Materials 305 | -10/Materials | Build established: Mutant 483 | -10/Materials | Discovered new exit (range 4) 587 | -10/Materials | Entered another Materials area 587 | -9/Materials | Evolved 2 slots: Utility x2 1245 | -9/Materials | Lost 3 parts (1u2w) 1262 | -9/Materials | Discovered new exit (range 15) 1294 | -9/Materials | Entered Mines 1295 | -9/Mines | Assembled infested the area 1301 | -9/Mines | Met a Derelict bent on vengeance 1342 | -9/Mines | Learned Materials stockpile data 1539 | -9/Mines | Assisted by bots powering up and referring to "LRC-V3" 1850 | -9/Mines | Core integrity fell below 50% 1856 | -9/Mines | Discovered new exit (range 10) 1875 | -9/Mines | Lost 3 allies 1885 | -9/Mines | Core integrity fell below 20% 1909 | -9/Mines | Lost 9 parts (1p2n3u3w) 1952 | -9/Mines | Learned location of Zion (-7) 1960 | -9/Mines | A weapon hastily lodged in a ceiling crevice suddenly fell to the ground 2035 | -9/Mines | Discovered new exit (range 9) 2046 | -9/Mines | Learned location of Storage (-7) 2359 | -9/Mines | Destroyed by Y-45 Defender with Heavy Assault Rifle Last Messages --------------- A derelict emerges from the shadows: "Are any of them following you? I'm here trying to lose some heat after our second raid on Storage failed. Whatever you do stay away from that place, they've tightened security following our previous successful raids." World map updated: -7/Storage. F6-Z6R(g): "We scattered so the Unaware couldn't effectively use their advantage in numbers, and I suggest you do the same." F6-Z6R(g) slips back into the shadows. Slammed into U-05 Engineer. U-05 Engineer lays Concrete. U-05 Engineer builds a Door. K-01 Serf collects debris. U-05 Engineer lays Concrete. U-05 Engineer builds a Door. U-05 Engineer lays Concrete. U-05 Engineer builds a Wall. Lgt. Treads destroyed. Map ----- +----------------------------------------------------+ | | | | | | | | | | | | | | | ???????????????????????#####??????? | | ?????????????????????##"!!"##?????? | | ?????????????????????#""[!""#?????? | | ?????????????????????# ??????? | | ??????????????????????# #??????? | | ?????????######??????###//####????? | | ?????????# ##?????# ##???? | | ?????????# #?????# #???? | | ###??????# ##??#### #???? | | #??????# #???# ##???? | | # #??????# #???# ## ##????? | | # #??????##++##???# ## ##?????? | | # ######## #???## ### ##??????? | | # # ## ##??# YY#####???????? | | # # #### #### ##??????????? | | # ###### ## ##?????????? | | # ## ##????????? | | # ## ## ######???? | | # ## ## @ #???? | | ### ### #??? | | # ### ##?## #### #?? | | ### ###?####???####??## #?? | | ## ##?????????????????## ##?? | | ###????????????????????# ##??? | | ####???????????????????????## #???? | | ????????????????????????????? #???? | | #########?????????????????????#???? | | #?????????????????????????? | | ####### #?????????????????????????? | | ?????## #####?????????????????????? | | ?????# #?????????????????????? | | ?????# #### #?????????????????????? | | ?????# #??????????????????????????? | | ?????# #??????????????????????????? | | ?????# #??????????????????????????? | | ###### ###????????????????????????? | | #????????????????????????? | | """ """ #????????????????????????? | | """ """ #????????????????????????? | | """ """ #????????????????????????? | | #????????????????????????? | | """ """ #????????????????????????? | | """ """ #??????# ????????????????? | +----------------------------------------------------+ Best States ------------- Heat Dissipation 50 Energy Generation 10 Energy Capacity 250 Matter Stores 405 Matter Capacity 450 Sight Range 16 Terrain Scan Density 10 Armor Coverage 375 Core Shielding 20 Evasion (%) 50 Recoil Reduction 2 Item Schematics ----------------- None Robot Schematics ------------------ None Fabricated ------------ Nothing Repaired ---------- Nothing Studied --------- None Alien Tech Used ----------------- None Achievements -------------- None Challenges ------------ None Game ------ Seed PortableBarrageMesh Manual? 0 Play Time 00:15:26 Cumulative 38.9 hours Start 2026.02.24 @ 12:39:16 End 2026.02.24 @ 12:53:16 Sessions 1 Manual Loads 0 Difficulty Rogue Special Mode None Game No. 93 Rogue 93 Adventurer 0 Explorer 0 Win Type - Total 0 Types 0/0/0/0/0/0/0/0/0/0 Lore% 29 Gallery% 35 Achievement% 27 Wizard Run 0 Options --------- Layout 1 ASCII 0 Keyboard 0 Movement Mouse Keybinds 0 Fullscreen 1 Font 24/Smallcaps Map View 50x35 Zoom Use 0% Tactical HUD 0 Map Filters NONE Filters NONE Steam 1 RUN: 2a262c63-9145-4ea8-a6ea-1ec0f20b23d5